 Dungeon Crawl Stone Soup version 0.19-a0-1773-gaa448fe (webtiles) character file.

30794 taqueso the Martial Artist (level 13, -1/86 HPs)
             Began as a Demonspawn Monk on Oct 16, 2016.
             Was a High Priest of Wudzu.
             Slain by a white ugly thing (8 damage)
             ... on level 14 of the Dungeon.
             The game lasted 00:57:36 (15795 turns).

taqueso the Martial Artist (Demonspawn Monk)       Turns: 15795, Time: 00:57:36

Health: -1/86      AC: 20    Str: 13    XL:     13   Next: 22%
Magic:  20/21      EV: 17    Int: 14    God:    Wudzu [*****.]
Gold:   701        SH: 10    Dex: 19    Spells: 9 memorised, 2 levels left

rFire  + . .     SeeInvis .       - Unarmed
rCold  + + .     Gourm    .     (armour unavailable)
rNeg   + + .     Faith    .     E - +2 buckler {rN+}
rPois  +         Spirit   .     (helmet unavailable)
rElec  +         Dismiss  .     t - +1 cloak
rCorr  +         Reflect  +     (no gloves)
MR     .....     Harm     .     (boots unavailable)
Stlth  +++....... Clarity  +    D - +2 amulet of reflection
                                H - ring of stealth {Stlth+}
                                O - ring of positive energy {rN+}

@: lethally poisoned (-1 -> -12), resistant
A: claws 1, hooves 3, horns 2, agile 1, blurry vision 1, cold resistance 1,
deformed body, frail 1, powered by death 2, shaggy fur 1
a: Summon Vines, Briar Patch, Renounce Religion


You were on level 14 of the Dungeon.
You worshipped Wudzu.
Wudzu was extremely pleased with you.
You were not hungry.

You visited 2 branches of the dungeon, and saw 15 of its levels.
You also visited: Sewer.

You collected 701 gold pieces.

Inventory:

Missiles
 a - 6 needles of confusion
 c - 142 bolts
 o - 296 stones (quivered)
 F - 65 poisoned needles
 K - 9 tomahawks
 L - 5 throwing nets {=f, !d}
Armour
 t - a +1 cloak (worn)
   (You found it on level 2 of the Dungeon)
 E - a +2 buckler of positive energy (worn)
   (You acquired it on level 12 of the Dungeon)
Jewellery
 i - an uncursed amulet of rage {+Rage, !d}
   (You found it on level 1 of the Dungeon)
 q - an uncursed amulet of the gourmand {Gourm, !d}
   (You found it on level 2 of the Dungeon)
 r - an uncursed ring of flight {+Fly, !d}
   (You found it on level 2 of the Dungeon)
 D - a +2 amulet of reflection (around neck)
   (You found it on level 6 of the Dungeon)
 H - a ring of stealth (right claw) {Stlth+}
   (You found it on level 7 of the Dungeon)
 O - a ring of positive energy (left claw) {rN+}
   (You found it on level 8 of the Dungeon)
 Q - an uncursed ring of teleportation {+/*tele, !d}
   (You found it on level 8 of the Dungeon)
Wands
 G - a wand of iceblast (11/15)
   (You found it on level 7 of the Dungeon)
 M - a wand of polymorph (14/24)
   (You found it on level 13 of the Dungeon)
Scrolls
 d - 3 scrolls of enchant weapon
 h - 9 scrolls of remove curse
 l - 11 scrolls of teleportation
 y - 3 scrolls of magic mapping {!r}
 z - 2 scrolls of fog
 B - 4 scrolls of recharging
 P - 2 scrolls of amnesia
 R - a scroll of immolation {!r}
 S - 3 scrolls of enchant armour
Potions
 e - a potion of haste
 j - 2 potions of cancellation
 k - 7 potions of brilliance
 m - a potion of ambrosia
 n - 7 potions of curing
 u - a potion of cure mutation {unknown}
 x - a potion of resistance
 C - a potion of magic {unknown}
Books
 w - a book of Necromancy
   (You found it on level 5 of the Dungeon)
 I - a Young Poisoner's Handbook
   (You found it on level 7 of the Dungeon)
 N - a book of Party Tricks
   (You found it on level 8 of the Dungeon)
 V - a book of Death
   (You found it on level 14 of the Dungeon)
 W - a book of Minor Magic
   (You found it on level 11 of the Dungeon)
Miscellaneous
 v - a box of beasts
 T - a phantom mirror
Comestibles
 b - 7 bread rations {@e1}
 f - 3 meat rations {@e2}
 p - 8 slices of pizza
 s - 5 royal jellies
 A - 8 chunks of flesh {@w0}
 J - 2 beef jerkies
 U - 4 fruits


   Skills:
 + Level 7.4 Fighting
 + Level 6.5 Dodging
 - Level 1.7 Stealth
 - Level 6.0 Shields
 * Level 14.1 Unarmed Combat
 - Level 5.3 Spellcasting
 - Level 8.8 Necromancy
 - Level 2.2 Translocations
 - Level 8.0 Invocations


You had 2 spell levels left.
You knew the following spells:

 Your Spells              Type           Power        Failure   Level  Hunger
b - Blink                 Tloc           N/A          12%         2    ##.....
c - Control Undead        Necr           ####......   6%          4    ####...
g - Apportation           Tloc           ##........   10%         1    None
r - Regeneration          Chrm/Necr      ###.......   10%         3    ###....
x - Vampiric Draining     Necr           ####......   1%          3    ###....
A - Animate Skeleton      Necr           N/A          1%          1    None
B - Sting                 Conj/Pois      #...         21%         1    None
C - Animate Dead          Necr           N/A          6%          4    ####...
D - Pain                  Necr           ####         1%          1    None


Dungeon Overview and Level Annotations

Branches:
Dungeon (14/15)            Temple (1/1) D:4            Lair (0/6) D:11
    Orc (0/2) D:10         Vaults (0/5) D:13

Altars:
Ashenzari
Cheibriados
Dithmenos
Elyvilon
Fedhas
Gozag
Hepliaklqana
Kikubaaqudgha
Makhleb
Nemelex Xobeh
Okawaru
Qazlal
Ru
Sif Muna
Trog
Uskayaw
Vehumet Wudzu
Xom
Yredelemnul
Zin
The Shining One

Shops:
D:12 [   D:13 (

Annotations:
D:7 2 runed doors


Innate Abilities, Weirdness & Mutations

You have sharp fingernails.
You have hooves in place of feet.
You have a pair of horns on your head.
You regenerate health from kills.
You are agile. (Dex +2)
Scrolls take you a little longer to read.
Your flesh is cold resistant. (rC+)
Armour fits poorly on your strangely shaped body.
You are frail. (-10% HP)
You are covered in fur. (AC +1)


Message History

The vine drags the green ugly thing backwards!
Your snaplasher vine grabs the green ugly thing.
Your snaplasher vine hits the green ugly thing!
The green ugly thing struggles to escape constriction.
You claw the green ugly thing! You headbutt the green ugly thing.
Your snaplasher vine loses its grip on the green ugly thing.
The vine drags the green ugly thing backwards!
Your snaplasher vine misses the green ugly thing.
Your snaplasher vine hits the green ugly thing!
You block the green ugly thing's attack.
You claw the green ugly thing! You kick the green ugly thing.
You headbutt the green ugly thing!
The white ugly thing basks in the mutagenic energy from its kin and changes!
Your snaplasher vine grabs the green ugly thing.
Your snaplasher vine hits the green ugly thing.
You scratch the green ugly thing.
You kick the green ugly thing, but do no damage.
The green ugly thing punches you but does no damage.
The green ugly thing basks in the mutagenic energy from its kin and changes!
Your snaplasher vine loses its grip on the white ugly thing.
The vine drags the white ugly thing backwards!
Your snaplasher vine grabs the white ugly thing.
Your snaplasher vine hits the white ugly thing but does no damage.
You claw the green ugly thing!
You kick the green ugly thing, but do no damage.
You headbutt the green ugly thing. The green ugly thing misses you.
Your snaplasher vine hits the white ugly thing.
You closely miss the green ugly thing. You kick the green ugly thing.
Your headbutt misses the green ugly thing.
Your snaplasher vine hits the white ugly thing!
You closely miss the green ugly thing.
You kick the green ugly thing, but do no damage.
The green ugly thing is tripped up by roots and fails to attack.
The white ugly thing gores your snaplasher vine.
The white ugly thing freezes your snaplasher vine!!
Your snaplasher vine is destroyed!
You closely miss the green ugly thing.
The white ugly thing gurgles horribly!
You kick the green ugly thing, but do no damage.
The green ugly thing is struck by your spines.
The green ugly thing punches you.
You are poisoned.
The green ugly thing poisons you!
You take 5 damage, and have 81/86 hp.
You scratch the green ugly thing but do no damage.
Your kick misses the green ugly thing.
Your headbutt misses the green ugly thing.
You feel sick.
The green ugly thing basks in the mutagenic energy from its kin and changes!
You take 2 damage, and have 79/86 hp.
You scratch the green ugly thing.
You kill the green ugly thing!
Wudzu accepts your kill.
You feel sick.
You take 1 damage, and have 78/86 hp.
You completely miss the white ugly thing.
Your kick misses the white ugly thing.
You feel sick.
You block the white ugly thing's attack.
You take 1 damage, and have 77/86 hp.
You closely miss the white ugly thing.
You kick the white ugly thing, but do no damage.
You headbutt the white ugly thing, but do no damage.
You feel sick. The white ugly thing gores you.
The white ugly thing freezes you! You resist.
You take 12 damage, and have 65/86 hp.
You claw the white ugly thing!
You feel sick. The cyan ugly thing closely misses you.
You take 1 damage, and have 64/86 hp.
You closely miss the white ugly thing.
You feel sick. The white ugly thing gores you!
The white ugly thing freezes you! You resist.
You take 20 damage, and have 44/86 hp.
MASSIVE DAMAGE!!
You scratch the white ugly thing.
You feel sick.
The cyan ugly thing is struck by your spines.
The cyan ugly thing bites you! The cyan ugly thing shocks you!
* * * LOW HITPOINT WARNING * * *
The white ugly thing is struck by your spines.
The white ugly thing gores you.
* * * LOW HITPOINT WARNING * * *
The white ugly thing freezes you! You resist.
* * * LOW HITPOINT WARNING * * *
You take 39 damage, and have 5/86 hp.
MASSIVE DAMAGE!!
You feel much better.
You feel sick. The cyan ugly thing closely misses you.
You block the white ugly thing's attack.
You regained 19 hp, and now have 24/86 hp.
You feel protected.
You feel sick.
The cyan ugly thing bites you but does no damage.
You block the white ugly thing's attack.
You take 2 damage, and have 22/86 hp.
You barely miss the white ugly thing. Your kick misses the white ugly thing.
Your headbutt misses the white ugly thing.
You feel sick.
The cyan ugly thing basks in the mutagenic energy from its kin and changes!
The white ugly thing is struck by your spines.
The white ugly thing gores you!
* * * LOW HITPOINT WARNING * * *
The white ugly thing freezes you! You resist.
You die...

### #.#
########@#
......(uu#
########(#
#†# #.# #.#
## #.# ..#
#.#
#########.#
#.#


You could see 2 ugly things.

Vanquished Creatures
  Rupert (D:12)
  Kirke (D:12)
  Josephine (D:12)
  A hydra (D:13)
  Harold (D:10)
  A vault guard (D:13)
  The ghost of useraccount the Martial Artist, a journeyman OpMo of Wudzu (D:11)
  3 centaur warriors (D:11)
  2 unseen horrors
  7 hill giants
  2 ugly things
  5 cyclopes
  A wolf spider (D:11)
  A manticore (D:12)
  2 kobold demonologists (D:14)
  A gargoyle (D:10)
  A komodo dragon (D:7)
  2 two-headed ogres
  A troll (D:11)
  A slime creature (D:11)
  2 hippogriffs
  5 wraiths
  2 shadows
  A human (D:7)
  A vampire (D:12)
  A steam dragon (D:12)
  A wyvern (D:11)
  4 yaks
  3 hungry ghosts (D:14)
  5 hogs
  4 vampire mosquitoes
  2 wargs (D:10)
  A water moccasin (D:9)
  Duvessa (D:4)
  8 orc warriors
  2 ice beasts
  The ghost of Laraso the Cudgeler, an amateur OgHu (Sewer)
  4 phantoms
  3 sky beasts
  4 black bears
  2 necrophages
  4 ogres
  An eye of draining (D:13)
  3 big kobolds
  15 bullfrogs
  Blork the orc (D:4)
  A wyvern zombie (D:6)
  Dowan (D:4)
  A wyvern skeleton (D:12)
  A scorpion (D:9)
  10 killer bees
  22 wights
  3 howler monkeys
  5 crimson imps
  5 hounds
  3 centaur skeletons
  2 centaur zombies
  7 orc priests
  10 orc wizards
  3 bullfrog skeletons
  3 iguanas
  7 worker ants
  A hound zombie (D:8)
  3 hound skeletons
  A worker ant zombie (D:11)
  4 gnolls (D:4)
  7 river rats (Sewer)
  13 adders
  A shadow imp (D:5)
  3 oozes
  A worm (D:4)
  2 dart slugs (D:1)
  9 leopard geckos
  44 orcs
  6 giant cockroaches
  4 goblins
  10 hobgoblins
  10 jackals
  16 kobolds
  3 quokkas
  15 ball pythons
  12 bats
  8 frilled lizards
  A leopard gecko skeleton (D:5)
  A quokka skeleton (D:5)
  30 rats
406 creatures vanquished.

Vanquished Creatures (collateral kills)
  An ugly thing (D:14)
  A manticore (D:12)
  A hippogriff (D:11)
  2 hogs (D:12)
  A steam dragon (D:12)
  A mottled dragon (D:11)
  2 hell hounds (D:11)
  A wyvern zombie (D:12)
  A howler monkey (D:13)
  3 wights (D:12)
  An orc priest (D:6)
  A hound (D:12)
  An iguana (D:12)
  3 orcs
20 creatures vanquished.

Vanquished Creatures (others)
  A centaur (D:13)
  10 fungi (D:6)
11 creatures vanquished.

Grand Total: 437 creatures vanquished

Notes
Turn   | Place    | Note
-------+----------+-------------------------------------------
     0 | D:1      | taqueso the Demonspawn Monk began the quest for the Orb.
     0 | D:1      | Reached XP level 1. HP: 18/18 MP: 1/1
    32 | D:1      | HP: 2/18 [hobgoblin/club (3)]
    37 | D:1      | HP: 2/18 [hobgoblin/club (1)]
    42 | D:1      | Reached skill level 3 in Unarmed Combat
   329 | D:1      | Gained mutation: You have a pair of small horns on your head. [demonic ancestry]
   329 | D:1      | Reached XP level 2. HP: 19/24 MP: 2/2
   728 | D:1      | Gained mutation: You have large cloven feet. [demonic ancestry]
   728 | D:1      | Reached XP level 3. HP: 17/29 MP: 3/3
  1313 | D:2      | Reached skill level 4 in Unarmed Combat
  1672 | D:2      | Found a glowing silver altar of Zin.
  1917 | D:2      | Reached XP level 4. HP: 35/35 MP: 4/4
  2065 | D:2      | Found a stormy altar of Qazlal.
  2509 | D:3      | Noticed a bullfrog
  2517 | D:3      | Killed a bullfrog
  2517 | D:3      | Reached skill level 5 in Unarmed Combat
  2517 | D:3      | Gained mutation: You have sharp fingernails. [demonic ancestry]
  2517 | D:3      | Reached XP level 5. HP: 27/41 MP: 5/5
  2775 | D:3      | Found a glowing golden altar of the Shining One.
  2952 | D:4      | Noticed Blork the orc
  3053 | D:4      | HP: 10/41 [poisoned by a worker ant]
  3058 | D:3      | HP: 8/41 [poisoned by a worker ant]
  3064 | D:3      | HP: 7/41 [poisoned by a worker ant]
  3072 | D:3      | HP: 6/41 [poisoned by a worker ant]
  3267 | D:3      | Reached skill level 6 in Unarmed Combat
  3356 | D:4      | Found a staircase to the Ecumenical Temple.
  3362 | Temple   | Entered the Ecumenical Temple
  3377 | Temple   | Became a worshipper of Wudzu the Untamed
  3377 | Temple   | Reached * piety under Wudzu
  3377 | Temple   | Reached ** piety under Wudzu
  3413 | D:4      | Noticed Duvessa
  3414 | D:4      | Noticed Dowan
  3430 | D:4      | Killed Duvessa
  3430 | D:4      | Gained mutation: You have hoof-like feet. [demonic ancestry]
  3430 | D:4      | Reached XP level 6. HP: 43/47 MP: 6/6
  3437 | D:4      | Killed Dowan
  3495 | D:4      | HP: 4/47 [gnoll/halberd (10)]
  3496 | D:4      | Reached skill level 7 in Unarmed Combat
  3785 | D:4      | Gained mutation: You have hooves in place of feet. [demonic ancestry]
  3785 | D:4      | Reached XP level 7. HP: 52/52 MP: 7/7
  4712 | D:4      | Reached skill level 8 in Unarmed Combat
  4918 | D:4      | Killed Blork the orc
  4947 | D:5      | Entered Level 5 of the Dungeon
  4970 | D:5      | Found a shadowy altar of Dithmenos.
  5018 | D:5      | Found a hazy altar of Hepliaklqana.
  5111 | D:5      | Found a glowing drain.
  5144 | Sewer    | Entered a sewer
  5433 | Sewer    | Reached *** piety under Wudzu
  5538 | Sewer    | Noticed Laraso's ghost (amateur OgHu)
  5548 | Sewer    | Killed Laraso's ghost
  5548 | Sewer    | Reached skill level 9 in Unarmed Combat
  5548 | Sewer    | Reached skill level 1 in Invocations
  5548 | Sewer    | Gained mutation: You have a pair of horns on your head. [demonic ancestry]
  5548 | Sewer    | Reached XP level 8. HP: 43/58 MP: 7/9
  5583 | Sewer    | Reached skill level 2 in Invocations
  5646 | D:5      | Found a hide-covered altar of Uskayaw.
  5919 | D:5      | Learned a level 1 spell: Animate Skeleton
  5923 | D:5      | Learned a level 3 spell: Regeneration
  6369 | D:6      | Reached skill level 3 in Invocations
  6381 | D:6      | Reached skill level 1 in Spellcasting
  6381 | D:6      | Reached skill level 1 in Necromancy
  6412 | D:6      | Reached **** piety under Wudzu
  6589 | D:6      | Reached skill level 2 in Necromancy
  6723 | D:6      | Found a sacrificial altar of Ru.
  6776 | D:6      | Reached skill level 4 in Invocations
  6798 | D:6      | Reached skill level 2 in Spellcasting
  6869 | D:6      | Found an opulent altar of Gozag.
  6869 | D:6      | Found a deep blue altar of Sif Muna.
  6968 | D:6      | Reached skill level 10 in Unarmed Combat
  6974 | D:6      | Reached XP level 9. HP: 29/63 MP: 12/12
  7298 | D:7      | Found a large runed door.
  7298 | D:7      | Found a large runed door.
  7373 | D:7      | Reached skill level 3 in Necromancy
  7413 | D:7      | Learned a level 1 spell: Sting
  7529 | D:7      | Reached skill level 5 in Invocations
  7540 | D:7      | Reached skill level 3 in Spellcasting
  7855 | D:7      | Found a large runed door.
  7855 | D:7      | Found a large runed door.
  7865 | D:7      | Reached skill level 4 in Necromancy
  8128 | D:7      | Noticed a komodo dragon
  8133 | D:7      | Killed a komodo dragon
  8133 | D:7      | Reached ***** piety under Wudzu
  8133 | D:7      | Reached skill level 11 in Unarmed Combat
  8133 | D:7      | Reached skill level 6 in Invocations
  8340 | D:7      | Reached skill level 4 in Spellcasting
  8347 | D:7      | Reached XP level 10. HP: 59/70 MP: 14/16
  8367 | D:7      | Reached skill level 5 in Necromancy
  8432 | D:7      | Noticed a cyclops
  8444 | D:7      | Killed a cyclops
  8510 | D:8      | Found a snail-covered altar of Cheibriados.
  8900 | D:8      | Learned a level 1 spell: Apportation
  8905 | D:8      | Learned a level 4 spell: Animate Dead
  8989 | D:8      | Reached skill level 7 in Invocations
  9039 | D:8      | Found a burning altar of Makhleb.
  9379 | D:9      | Noticed a hill giant
  9397 | D:9      | Killed a hill giant
  9397 | D:9      | Reached skill level 1 in Translocations
  9658 | D:9      | Reached skill level 5 in Spellcasting
  9792 | D:9      | Reached skill level 6 in Necromancy
  9842 | D:10     | Entered Level 10 of the Dungeon
  9913 | D:10     | Noticed Harold
  9938 | D:10     | Killed Harold
  9938 | D:10     | Reached skill level 2 in Translocations
  9938 | D:10     | Reached skill level 8 in Invocations
  9946 | D:10     | Learned a level 4 spell: Control Undead
  9948 | D:10     | Learned a level 1 spell: Pain
  9952 | D:10     | Learned a level 3 spell: Vampiric Draining
 10103 | D:10     | Reached skill level 12 in Unarmed Combat
 10143 | D:10     | Gained mutation: You regenerate a little health from kills. [demonic ancestry]
 10143 | D:10     | Reached XP level 11. HP: 75/75 MP: 19/19
 10272 | D:10     | Reached skill level 3 in Dodging
 10542 | D:10     | HP: 17/75 [something (9)]
 10545 | D:10     | Killed an unseen horror
 10717 | D:10     | Found a staircase to the Orcish Mines.
 10948 | D:10     | Reached skill level 7 in Necromancy
 11041 | D:10     | Reached skill level 4 in Fighting
 11399 | D:11     | Noticed a cyan ugly thing
 11422 | D:11     | Killed a cyan ugly thing
 11621 | D:11     | Noticed useraccount's ghost (journeyman OpMo)
 11828 | D:11     | Found a staircase to the Lair.
 11959 | D:11     | Noticed a centaur warrior
 11961 | D:11     | Noticed a centaur warrior
 11968 | D:11     | Reached skill level 4 in Dodging
 11976 | D:11     | HP: 13/78 [cyclops/large rock (31)]
 11979 | D:11     | Killed a centaur warrior
 11986 | D:11     | HP: 28/117 [centaur warrior/arrow (5)]
 11990 | D:11     | Killed a centaur warrior
 12007 | D:11     | Noticed a wolf spider
 12013 | D:11     | HP: 29/117 [wolf spider (5)]
 12015 | D:11     | Killed a wolf spider
 12176 | D:11     | Noticed a hill giant
 12178 | D:11     | Reached skill level 5 in Fighting
 12187 | D:11     | Killed a hill giant
 12233 | D:11     | Reached skill level 13 in Unarmed Combat
 12233 | D:11     | Reached skill level 8 in Necromancy
 12300 | D:11     | Noticed a centaur warrior
 12314 | D:11     | Killed a centaur warrior
 12318 | D:11     | Reached skill level 5 in Dodging
 12455 | D:11     | Killed useraccount's ghost
 12455 | D:11     | Gained mutation: You regenerate health from kills. [demonic ancestry]
 12455 | D:11     | Reached XP level 12. HP: 63/86 MP: 20/20
 13292 | D:12     | Noticed Josephine
 13300 | D:12     | Killed Josephine
 13330 | D:12     | Reached skill level 6 in Fighting
 13338 | D:12     | Noticed Kirke
 13352 | D:12     | Killed Kirke
 13519 | D:12     | Identified a scroll of acquirement
 13531 | D:12     | Learned a level 2 spell: Blink
 13547 | D:12     | Noticed Rupert
 13549 | D:12     | Gained mutation: Armour fits poorly on your strangely shaped body. [potion of mutation]
 13549 | D:12     | Gained mutation: Scrolls take you a little longer to read. [potion of mutation]
 13555 | D:12     | Paralysed by Rupert for 3 turns
 13561 | D:12     | Paralysed by Rupert for 7 turns
 13579 | D:12     | Killed Rupert
 13579 | D:12     | Reached skill level 4 in Shields
 13764 | D:12     | Gained mutation: You are covered in fur. (AC +1) [potion of mutation]
 13764 | D:12     | Gained mutation: You are agile. (Dex +2) [potion of mutation]
 13764 | D:12     | Gained mutation: You are frail. (-10% HP) [potion of mutation]
 13772 | D:12     | Reached skill level 5 in Shields
 13985 | D:12     | Found Esmaiss's Antique Armour Shoppe.
 14186 | D:12     | Reached skill level 6 in Shields
 14559 | D:13     | Found Deudduurr's Antique Weapon Boutique.
 14578 | D:13     | Found a gate to the Vaults.
 14578 | D:13     | Noticed a vault guard
 14578 | D:13     | Noticed a vault guard
 14578 | D:13     | Noticed a vault guard
 14578 | D:13     | Noticed a vault guard
 14578 | D:13     | Noticed a vault guard
 14579 | D:13     | Noticed a vault guard
 14579 | D:13     | Noticed a vault guard
 14579 | D:13     | Noticed a vault guard
 14588 | D:13     | Gained mutation: Your flesh is cold resistant. (rC+) [potion of beneficial mutation]
 14609 | D:13     | Noticed a six-headed hydra
 14618 | D:13     | Killed a six-headed hydra
 14743 | D:14     | Reached skill level 6 in Dodging
 15095 | D:13     | Reached XP level 13. HP: 84/85 MP: 21/21
 15111 | D:13     | Reached skill level 7 in Fighting
 15342 | D:14     | Reached skill level 14 in Unarmed Combat
 15792 | D:14     | HP: 19/86 [cyan ugly thing (16)]
 15792 | D:14     | HP: 5/86 [white ugly thing (13)]
 15795 | D:14     | Slain by a white ugly thing

Vault maps used:
D:1:      matt_arrival_spirals
D:2:      grunt_qazlal_clouds, lemuel_doored_altar, first_bread,
          minmay_parallelograms
D:3:      tso_oasis_becter
D:4:      black_bear_nest_1, uniq_duvessa, uniq_blork_the_orc
D:5:      nicolae_overflow_crystal_walls, eat_drink_and_be_merry_uskayaw,
          nicolae_dithmenos_shadow_blocks, portal_sewer_entry_f
D:6:      gammafunk_temple_overflow_wave, nicolae_ru_great_annihilating_truth,
          serial_aquarium, aquarium_bridge_square, aquarium_bridge_square,
          aquarium_window_corner, aquarium_window_2, aquarium_view_2b,
          aquarium_pool_five
D:7:      grunt_livestock, hangedman_decor_growths,
          minmay_hollow_rounded_squares
D:8:      kennysheep_mini_moat, old_standard_altar
D:10:     david_orc_1_choice, uniq_harold
D:11:     minmay_curly_fans, minmay_lair_entry_lava
D:12:     serial_shops, nicolae_shop_stone, uniq_rupert, uniq_josephine,
          uniq_kirke
D:13:     erik_vaults_2, serial_shops, shop, serial_column_ruins,
          column_ruins_columns_straight, column_ruins_open_medium,
          column_ruins_columns_straight, column_ruins_open_medium,
          column_ruins_grid_1, column_ruins_grid_1, kennysheep_nondescript
D:14:     hangedman_decor_riveting
Temple:   minmay_freezing_vapour_temple
Sewer:    sewer_minmay_w

Skill      XL: |  1  2  3  4  5  6  7  8  9 10 11 12 13 |
---------------+----------------------------------------+-----
Unarmed Combat | 3 4 5 6 7 9 10 11 12 13 14 | 14.1
Invocations    | 1 4 6 8 |  8.0
Spellcasting   | 2 4 5 |  5.3
Necromancy     | 2 4 6 8 |  8.8
Translocations | 2 |  2.2
Dodging        | 5 6 |  6.5
Fighting       | 5 6 7 |  7.4
Shields        | 6 |  6.0
Stealth        | |  1.7

Action                   |  1- 3 |  4- 6 |  7- 9 | 10-12 | 13-15 || total
-------------------------+-------+-------+-------+-------+-------++-------
Melee: Unarmed           |   130 |   112 |   284 |   566 |    79 ||  1171
       Punch             |     3 |     5 |     9 |    33 |       ||    50
       Headbutt          |    13 |    21 |    49 |   101 |    19 ||   203
       Kick              |    14 |    23 |    77 |   178 |    24 ||   316
Throw: Stone             |    76 |   110 |   295 |   403 |    50 ||   934
 Cast: Animate Skeleton  |       |       |     1 |     6 |     1 ||     8
       Regeneration      |       |       |     1 |     3 |       ||     4
       Pain              |       |       |       |    18 |       ||    18
       Animate Dead      |       |       |       |     3 |       ||     3
       Vampiric Draining |       |       |       |     1 |       ||     1
       Control Undead    |       |       |       |     2 |       ||     2
       Apportation       |       |       |       |     1 |       ||     1
Invok: Vestment of Thorn |       |     1 |       |       |       ||     1
       Summon Vines      |       |       |     1 |     7 |     1 ||     9
       Regalia of Thorns |       |       |     1 |       |       ||     1
  Use: Scroll            |       |    10 |     6 |     8 |     1 ||    25
       Potion            |       |     1 |     2 |    17 |     2 ||    22
 Stab: Sleeping          |     2 |     1 |     1 |     2 |     2 ||     8
       Invisible         |       |     2 |       |     4 |       ||     6
       Distracted        |       |       |       |     2 |     1 ||     3
  Eat: Chunk             |    14 |     8 |    14 |    19 |     3 ||    58
Armor: Robe              |    26 |     9 |       |       |       ||    35
       Skin              |       |     8 |    90 |   151 |    22 ||   271
Dodge: Dodged            |    81 |    72 |   114 |   216 |    19 ||   502
Block: Other             |       |       |     1 |    26 |       ||    27
       Reflection        |       |       |       |     8 |     1 ||     9
       Buckler           |       |       |       |    48 |    21 ||    69

Vault maps used:
D:1:      matt_arrival_spirals
D:2:      grunt_qazlal_clouds, lemuel_doored_altar, first_bread,
          minmay_parallelograms
D:3:      tso_oasis_becter
D:4:      black_bear_nest_1, uniq_duvessa, uniq_blork_the_orc
D:5:      nicolae_overflow_crystal_walls, eat_drink_and_be_merry_uskayaw,
          nicolae_dithmenos_shadow_blocks, portal_sewer_entry_f
D:6:      gammafunk_temple_overflow_wave, nicolae_ru_great_annihilating_truth,
          serial_aquarium, aquarium_bridge_square, aquarium_bridge_square,
          aquarium_window_corner, aquarium_window_2, aquarium_view_2b,
          aquarium_pool_five
D:7:      grunt_livestock, hangedman_decor_growths,
          minmay_hollow_rounded_squares
D:8:      kennysheep_mini_moat, old_standard_altar
D:10:     david_orc_1_choice, uniq_harold
D:11:     minmay_curly_fans, minmay_lair_entry_lava
D:12:     serial_shops, nicolae_shop_stone, uniq_rupert, uniq_josephine,
          uniq_kirke
D:13:     erik_vaults_2, serial_shops, shop, serial_column_ruins,
          column_ruins_columns_straight, column_ruins_open_medium,
          column_ruins_columns_straight, column_ruins_open_medium,
          column_ruins_grid_1, column_ruins_grid_1, kennysheep_nondescript
D:14:     hangedman_decor_riveting
Temple:   minmay_freezing_vapour_temple
Sewer:    sewer_minmay_w

Table legend:
 A = Turns spent in this place as a percentage of turns spent in the entire game.
 B = Non-inter-level travel turns spent in this place as a percentage of non-inter-level travel turns spent in the entire game.
 C = Inter-level travel turns spent in this place as a percentage of turns spent in this place.
 D = Turns resting spent in this place as a percentage of non-inter-level travel turns spent in this place.
 E = Turns spent auto-exploring this place as a percentage of non-inter-level travel turns spent in this place.
 F = Non-inter-level travel turns spent in this place divided by the number of levels of this place that you've seen.
                   A       B       C       D       E      F
               +-------+-------+-------+-------+-------+----------------------
         Total | 100.0 | 100.0 |   0.7 |   1.8 |   8.3 | 280.0
       Dungeon |  93.6 |  93.6 |   0.7 |   1.9 |   8.2 | 299.6
        Temple |   0.3 |   0.3 |   7.7 |  16.7 |  16.7 |  12.0
         Sewer |   6.1 |   6.1 |   0.0 |   0.0 |   8.8 | 274.0
               +-------+-------+-------+-------+-------+----------------------

Table legend:
 A = Kills in this place as a percentage of kills in entire the game.
 B = Kills by you in this place as a percentage of kills by you in the entire game.
 C = Kills by friends in this place as a percentage of kills by friends in the entire game.
 D = Other kills in this place as a percentage of other kills in the entire game.
 E = Experience gained in this place as a percentage of experience gained in the entire game.
 F = Experience gained in this place divided by the number of levels of this place that you have seen.
                   A       B       C       D       E      F
               +-------+-------+-------+-------+-------+----------------------
         Total | 100.0 | 100.0 | 100.0 | 100.0 | 100.0 | 2749.5
       Dungeon |  87.8 |  87.2 | 100.0 | 100.0 |  98.8 | 3105.6
         Sewer |  12.2 |  12.8 |   0.0 |   0.0 |   1.2 | 513.0
               +-------+-------+-------+-------+-------+----------------------
